 Dungeon Crawl Stone Soup version 0.29.1-15-g9cfb28693d (webtiles) character file.

Game seed: 1208095515350744344

367 BuddhaDhamma the Cleaver (level 6, -1/76 HPs)
             Began as a Minotaur Berserker on Mar 20, 2023.
             Was a Priest of Trog.
             Slain by a yak (14 damage)
             ... on level 4 of the Dungeon.
             The game lasted 00:05:21 (3115 turns).

BuddhaDhamma the Cleaver (Minotaur Berserker)       Turns: 3115, Time: 00:05:22

Health: -1/76      AC:  5    Str: 23    XL:     6   Next: 41%
Magic:  5/5        EV: 11    Int:  4    God:    Trog [***...]
Gold:   229        SH:  0    Dex: 10    Spells: 5/5 levels left

rFire   . . .      SeeInvis .   a - +0 hand axe
rCold   . . .      Faith    .   (no shield)
rNeg    . . .      Spirit   .   g - +0 ring mail
rPois   .          Reflect  .   (helmet restricted)
rElec   .          Harm     .   (no cloak)
rCorr   .          Rampage  .   (no gloves)
Will    .....                   (no boots)
Stlth   ..........              (no amulet)
HPRegen 0.22/turn               (no ring)
MPRegen 0.09/turn               (no ring)

@: berserking, very quick
A: horns 2, retaliatory headbutt
a: Renounce Religion, Berserk, Trog's Hand


You were on level 4 of the Dungeon.
You worshipped Trog.
Trog was most pleased with you.
You visited 1 branch of the dungeon, and saw 4 of its levels.

You collected 229 gold pieces.

Inventory:

Hand Weapons
 a - a +0 hand axe (weapon)
Missiles
 m - 2 silver javelins (quivered)
Armour
 g - a +0 ring mail (worn)
Scrolls
 b - 4 scrolls of enchant weapon {unknown}
 i - 4 scrolls of identify {unknown}
 j - a scroll of fear {unknown}
 k - 4 scrolls of teleportation {unknown}
 l - 2 scrolls of vulnerability {unknown}
 o - a scroll of silence {unknown}
 q - 2 scrolls of poison {unknown}
 r - 2 scrolls of amnesia {unknown}
 s - a scroll of butterflies {unknown}
Potions
 c - 2 potions of cancellation {unknown}
 d - 2 potions of degeneration {unknown}
 e - 2 potions of curing {unknown}
 f - 2 potions of lignification {unknown}
 h - 6 potions of heal wounds {unknown}
 n - a potion of magic {unknown}
 p - a potion of might {unknown}


   Skills:
 - Level 3.6 Fighting
 + Level 8.8 Axes
 - Level 2.4 Armour
 - Level 2.1 Dodging


You had 5 spell levels left.
You didn't know any spells.
Your spell library was empty.

Dungeon Overview and Level Annotations

Branches:
Dungeon (4/15)             Temple (0/1) D:4

Altars:
Trog


Innate Abilities, Weirdness & Mutations

You have a pair of horns on your head.
You reflexively headbutt those who attack you in melee.


Message History

You hit the orc wizard. You hit the yak. You barely miss the yak.
The yak gores you. x2
The orc wizard hits you but does no damage.
You completely miss the yak. You headbutt the yak.
The yak is moderately wounded.
You slash the yak! You hit the yak. You hit the orc wizard. You hit the yak.
You punch the yak!
The yak is severely wounded.
You slash the yak! You hit the yak. You barely miss the orc wizard.
The orc wizard hits you but does no damage.
The yak gores you but does no damage. The yak gores you!
You hit the yak.
The yak is severely wounded.
You barely miss the yak. You closely miss the orc wizard.
You barely miss the yak. The yak gores you. The orc wizard barely misses you.
The yak closely misses you.
You slash the yak!
You kill the yak!
Trog accepts your kill.
You hit the yak. You barely miss the orc wizard. You barely miss the yak.
Your Axes skill increases to level 8!
You have reached level 6!
You slash the yak!
The yak is severely wounded.
You slash the orc wizard! You slash the yak! The orc wizard misses you.
The yak gores you! x2
* * * LOW HITPOINT WARNING * * *
You slash the yak!
The yak is almost dead.
You hit the yak.
You hit the orc wizard but do no damage.
You slash the yak!
The orc wizard gestures at you while chanting.
The magic dart hits you.
* * * LOW HITPOINT WARNING * * *
The yak closely misses you. You furiously retaliate!
You headbutt the yak!
You kill the yak!
Trog accepts your kill. The yak closely misses you.
A phantom opens the door.
The yak gores you!
You die...

...##...#
...##..######..... .((
...#####....#....# ...
...# #....#....# ..#
...# #....#)...##..##.
'### #....#...........
...#####....#...oo......
...##..#....#...Yo....."
...##..#....'...@YW.....
...##..+....#.###'#####.
...##..#....### ...
...##..#....# .⌠.#
...'...#....# >..+
...#...'....# .⌠.#
...#...#....# ...#
...##..#....# +###
+####..#....#


You could see 2 yaks, a phantom, an orc wizard and 2 orcs.

Vanquished Creatures
  2 yaks (D:4)
  A phantom (D:4)
  A hound (D:4)
  3 adders (D:2)
  3 worms
  4 orcs (D:4)
  9 endoplasms
  6 giant cockroaches
  4 goblins
  8 hobgoblins
  2 jackals (D:1)
  4 quokkas
  8 ball pythons
  4 bats
  2 frilled lizards
  6 kobolds
  6 rats
73 creatures vanquished.

Notes
Turn   | Place    | Note
-------+----------+-------------------------------------------
     0 | D:1      | BuddhaDhamma the Minotaur Berserker began the quest for the
                  | Orb.
     0 | D:1      | Reached XP level 1. HP: 19/19 MP: 0/0
    41 | D:1      | Reached skill level 4 in Axes
   258 | D:1      | Reached XP level 2. HP: 26/26 MP: 1/1
   507 | D:1      | Reached ** piety under Trog
   612 | D:1      | Reached skill level 5 in Axes
   791 | D:2      | Reached XP level 3. HP: 31/31 MP: 2/2
  1157 | D:2      | Reached XP level 4. HP: 39/39 MP: 3/3
  1158 | D:2      | Reached skill level 6 in Axes
  1394 | D:2      | Found a bloodstained altar of Trog.
  2537 | D:4      | Reached *** piety under Trog
  2853 | D:4      | Reached skill level 7 in Axes
  2853 | D:4      | Reached XP level 5. HP: 42/45 MP: 4/4
  2982 | D:4      | Noticed a phantom
  2993 | D:4      | Killed a phantom
  3100 | D:4      | Noticed a yak
  3100 | D:4      | Noticed a yak
  3101 | D:4      | Noticed a yak
  3101 | D:4      | Noticed a yak
  3103 | D:4      | Noticed a phantom
  3113 | D:4      | Killed a yak
  3114 | D:4      | Reached skill level 8 in Axes
  3114 | D:4      | Reached XP level 6. HP: 36/51 MP: 5/5
  3115 | D:4      | Killed a yak
  3115 | D:4      | Found a staircase to the Ecumenical Temple.
  3115 | D:4      | Slain by a yak

Illustrated notes

Levels and vault maps discovered:
D:1:      dpeg_arrival_renting, layout_rooms, minmay_cut_off
D:2:      layout_basic, basic_altar, minmay_misc_feat_pillars, minivault_26,
          nrook_campfire, minmay_octomino_e4
D:3:      layout_basic, grunt_ministairs_4
D:4:      layout_gridville, kennysheep_little_box, minmay_temple_entry_hall,
          uniq_grinder, uniq_blork_the_orc, uniq_duvessa, uniq_pargi

Skill      XL: |  1  2  3  4  5 |
---------------+----------------+-----
Axes           | 4 5 7 8 |  8.8
Fighting       | |  3.6
Armour         | |  2.4
Dodging        | |  2.1

Action                   |  1- 3 |  4- 6 || total
-------------------------+-------+-------++-------
Melee: Hand axe          |    63 |    74 ||   137
       Headbutt          |     8 |    15 ||    23
       Punch             |       |     2 ||     2
Throw: Javelin           |     2 |    29 ||    31
Invok: Berserk           |       |     1 ||     1
Armor: Animal skin       |     5 |       ||     5
       Ring mail         |    14 |    24 ||    38
Dodge: Dodged            |    33 |    34 ||    67
